MLB
TEXAS RANGERS @ BOSTON RED SOX
05/07/2039
 
TOP OF THE 1ST
Texas Rangers batting - Pitching for Boston Red Sox : RHP Chad Coleman
Pitching: RHP Chad Coleman
Batting: LHB Alex Batista 0-0: Called Strike
0-1: Swinging Strike
0-2: Ball
1-2: Ball
2-2: Ball
3-2: Base on Balls
Batting: RHB Eric Parr 0-0: Called Strike
0-1: Foul Ball, location: 23F
0-2: Ball
1-2: SINGLE (Groundball, 4MD, EV 94.4 MPH)
Alex Batista to second
Runner from 2nd tries for 3rd, SAFE, throw by CF made to third
Batting: LHB Dan Kelley 0-0: Ball
1-0: Called Strike
1-1: Ball
2-1: Fielders Choice at 2nd, 6-4 (Groundball, 6M, EV 100.6 MPH)
Alex Batista scores
Batting: RHB Rodrigo Maradiaga 0-0: Ball
Dan Kelley steals 2nd base
1-0: Swinging Strike
1-1: Ball
2-1: Fly out, F7 (Flyball, 7LM, EV 96.9 MPH)
Batting: RHB Danny Cooper 0-0: Ball
1-0: Ball
2-0: Swinging Strike
2-1: Fly out, F8 (Line Drive, 8RM, EV 106.9 MPH)
Top of the 1st over - 1 run, 1 hit, 0 errors, 1 left on base; Texas 1 - Boston 0
BOTTOM OF THE 1ST
Boston Red Sox batting - Pitching for Texas Rangers : RHP Glen Myers
Pitching: RHP Glen Myers
Batting: LHB Marcelo Mayer 0-0: Foul Ball, location: 3F
0-1: Foul Ball, location: 7LMF
0-2: Strikes out looking
Batting: LHB Brendan Stogner 0-0: Ball
1-0: Ball
2-0: Ground out 3-1 (Groundball, 34, EV 80.0 MPH)
Batting: RHB Ronald Acuna Jr. 0-0: Called Strike
0-1: Swinging Strike
0-2: Strikes out looking
Bottom of the 1st over - 0 runs, 0 hits, 0 errors, 0 left on base; Texas 1 - Boston 0
TOP OF THE 2ND
Texas Rangers batting - Pitching for Boston Red Sox : RHP Chad Coleman
Batting: RHB R.J. Shiffler 0-0: Ball
1-0: Called Strike
1-1: Foul Ball, location: 9LSF
1-2: Foul Ball, location: 7LDF
1-2: Ball
2-2: Ground out 6-3 (Groundball, 6, EV 84.4 MPH)
Batting: RHB Jaylen Keal 0-0: Ball
1-0: Fly out, F9 (Flyball, 89S, EV 84.4 MPH)
Batting: RHB Oswald Peraza 0-0: Ball
1-0: SINGLE (Groundball, 4D, EV 108.1 MPH)
Batting: RHB Quitério Marvo 0-0: Called Strike
0-1: Ball
1-1: Called Strike
1-2: SINGLE (Groundball, 6MD, EV 103.1 MPH)
Oswald Peraza to second
Runner from 2nd tries for 3rd, SAFE, no throw by CF
Batting: LHB Alex Batista 0-0: Called Strike
0-1: Swinging Strike
0-2: Ball
1-2: Ball
2-2: Foul Ball, location: 5F
2-2: Ball
3-2: Base on Balls
Quitério Marvo to second
Batting: RHB Eric Parr 0-0: DOUBLE (Flyball, 8RXD, EV 107.5 MPH)
Oswald Peraza scores
Quitério Marvo scores
Alex Batista to third
Batting: LHB Dan Kelley 0-0: Ball
1-0: Ball
2-0: Foul Ball, location: 5FF
2-1: Ground out U3 (Groundball, 3, EV 86.9 MPH)
Top of the 2nd over - 2 runs, 3 hits, 0 errors, 2 left on base; Texas 3 - Boston 0
BOTTOM OF THE 2ND
Boston Red Sox batting - Pitching for Texas Rangers : RHP Glen Myers
Batting: RHB Phil Lafnear 0-0: Ball
1-0: Ball
2-0: Foul Ball, location: 2F
2-1: Fly out, F8 (Flyball, 8RD, EV 86.3 MPH)
Batting: LHB Tim Long 0-0: Ball
1-0: Ball
2-0: Ball
3-0: Base on Balls
Batting: RHB Juan Burruel 0-0: Swinging Strike
0-1: Swinging Strike
0-2: SINGLE (Groundball, 6, EV 90.0 MPH)
Tim Long to second
Batting: RHB Yohann Gil 0-0: Foul Ball, location: 9LMF
0-1: Ball
1-1: Called Strike
1-2: Foul Ball, location: 9LMF
1-2: Strikes out swinging
Batting: RHB David Andino 0-0: Ball
1-0: Swinging Strike
1-1: Ball
2-1: Swinging Strike
2-2: Single, Error in OF, E8, batter to second base (Line Drive, 8RS, EV 91.9 MPH)
Tim Long scores
Juan Burruel to third
Batting: RHB Joe Merrill 0-0: Ball
1-0: Called Strike
1-1: Foul Ball, location: 2F
1-2: Ball
2-2: Ball
3-2: Base on Balls
Batting: LHB Marcelo Mayer 0-0: Ball
1-0: Foul Ball, location: 2F
1-1: Foul Ball, location: 7LMF
1-2: Ball
2-2: Foul Ball, location: 3FF
2-2: Foul Ball, location: 2F
2-2: Foul Ball, location: 9LDF
2-2: Strikes out swinging
Bottom of the 2nd over - 1 run, 2 hits, 1 error, 3 left on base; Texas 3 - Boston 1
TOP OF THE 3RD
Texas Rangers batting - Pitching for Boston Red Sox : RHP Chad Coleman
Batting: RHB Rodrigo Maradiaga 0-0: Ball
1-0: Ball
2-0: Swinging Strike
2-1: Ball
3-1: Base on Balls
Batting: RHB Danny Cooper 0-0: Ball
1-0: Ball
2-0: Swinging Strike
2-1: Ball
3-1: Foul Ball, location: 9LDF
3-2: Base on Balls
Rodrigo Maradiaga to second
Batting: RHB R.J. Shiffler 0-0: Ball
1-0: Foul Ball, location: 23F
1-1: Called Strike
1-2: Ground out 5-3 (Groundball, 56S, EV 67.5 MPH)
Rodrigo Maradiaga to third
Danny Cooper to second
Batting: RHB Jaylen Keal 0-0: Ball
1-0: Foul Ball, location: 5F
1-1: DOUBLE (Groundball, 5L, EV 108.8 MPH)
Rodrigo Maradiaga scores
Danny Cooper scores
Pitching: RHP Joe Lance
Batting: RHB Oswald Peraza 0-0: Called Strike
0-1: Called Strike
0-2: Ball
1-2: Ball
2-2: Foul Ball, location: 3F
2-2: Foul Ball, location: 2LF
2-2: Foul Ball, location: 2F
2-2: Foul Ball, location: 2F
2-2: Fly out, F4 (Popup, 34D, EV 75.0 MPH)
Batting: RHB Quitério Marvo 0-0: Ball
1-0: Foul Ball, location: 3SF
1-1: Ground out 4-3 (Groundball, 4MD, EV 95.0 MPH)
Top of the 3rd over - 2 runs, 1 hit, 0 errors, 1 left on base; Texas 5 - Boston 1
BOTTOM OF THE 3RD
Boston Red Sox batting - Pitching for Texas Rangers : RHP Glen Myers
Batting: LHB Brendan Stogner 0-0: Ball
1-0: Ball
2-0: Foul Ball, location: 7LSF
2-1: Called Strike
2-2: Ball
3-2: Foul Ball, location: 5F
3-2: Fly out, F8 (Flyball, 8RD, EV 108.1 MPH)
Batting: RHB Ronald Acuna Jr. 0-0: Ball
1-0: Ball
2-0: Ball
3-0: Base on Balls
Batting: RHB Phil Lafnear 0-0: Called Strike
0-1: Ball
1-1: Foul Ball, location: 25F
1-2: Hit by Pitch
Ronald Acuna Jr. to second
Batting: LHB Tim Long 0-0: Foul Ball, location: 2F
0-1: Swinging Strike
0-2: Strikes out looking
Batting: RHB Juan Burruel 0-0: Fielders Choice at 2nd, 6-4 (Groundball, 6, EV 80.0 MPH)
Bottom of the 3rd over - 0 runs, 0 hits, 0 errors, 2 left on base; Texas 5 - Boston 1
TOP OF THE 4TH
Texas Rangers batting - Pitching for Boston Red Sox : RHP Joe Lance
Batting: LHB Alex Batista 0-0: Foul Ball, location: 7LMF
0-1: Called Strike
0-2: Ball
1-2: Ball
2-2: Foul Ball, location: 2F
2-2: Reached on error, E4 (Groundball, 4, EV 86.3 MPH)
Batting: RHB Eric Parr 0-0: Foul Ball, location: 2LF
0-1: Ball
1-1: SINGLE (Groundball, 4S, EV 63.1 MPH) (infield hit)
Alex Batista to second
Batting: LHB Dan Kelley 0-0: Called Strike
0-1: Called Strike
0-2: Ball
1-2: DOUBLE (Line Drive, 89M, EV 98.8 MPH)
Alex Batista scores
Eric Parr to third
Pitching: RHP Josh Radcliff
Batting: RHB Rodrigo Maradiaga 0-0: Fly out, F9 (Flyball, 9S, EV 101.9 MPH)
Batting: RHB Danny Cooper 0-0: Ball
1-0: Ball
2-0: Ball
3-0: Ground out 5-3 (Groundball, 25, EV 88.1 MPH)
Batting: RHB R.J. Shiffler 0-0: Called Strike
0-1: SINGLE (Line Drive, 7S, EV 91.3 MPH)
Eric Parr scores
Dan Kelley to third
Runner from 3rd tries for Home, SAFE, throw by LF to home
Batting: RHB Jaylen Keal 0-0: Swinging Strike
0-1: Ball
1-1: Fly out, F5 (Popup, 56S, EV 80.0 MPH)
Top of the 4th over - 3 runs, 3 hits, 1 error, 1 left on base; Texas 8 - Boston 1
BOTTOM OF THE 4TH
Boston Red Sox batting - Pitching for Texas Rangers : RHP Glen Myers
Batting: RHB Yohann Gil 0-0: Ball
1-0: Swinging Strike
1-1: Ball
2-1: Swinging Strike
2-2: Strikes out swinging
Batting: RHB David Andino 0-0: Called Strike
0-1: Ball
1-1: Ball
2-1: Foul Ball, location: 7LMFF
2-2: Ball
3-2: Base on Balls
Batting: RHB Joe Merrill 0-0: Called Strike
0-1: Grounds into double play, 5-4-3 (Groundball, 15, EV 79.4 MPH)
Bottom of the 4th over - 0 runs, 0 hits, 0 errors, 0 left on base; Texas 8 - Boston 1
TOP OF THE 5TH
Texas Rangers batting - Pitching for Boston Red Sox : RHP Josh Radcliff
Batting: RHB Oswald Peraza 0-0: Ground out 4-3 (Groundball, 4, EV 87.5 MPH)
Batting: RHB Quitério Marvo 0-0: Called Strike
0-1: Fly out, F9 (Flyball, 9, EV 93.1 MPH)
Batting: LHB Alex Batista 0-0: Ball
1-0: Ground out 6-3 (Groundball, 6, EV 86.3 MPH)
Top of the 5th over - 0 runs, 0 hits, 0 errors, 0 left on base; Texas 8 - Boston 1
BOTTOM OF THE 5TH
Boston Red Sox batting - Pitching for Texas Rangers : RHP Glen Myers
Batting: LHB Marcelo Mayer 0-0: Called Strike
0-1: Fly out, F3 (Popup, 3L, EV 58.1 MPH)
Batting: LHB Brendan Stogner 0-0: Called Strike
0-1: Ball
1-1: Called Strike
1-2: Foul Ball, location: 7LDF
1-2: Foul Ball, location: 3F
1-2: DOUBLE (Flyball, 8RXD, EV 108.1 MPH)
Batting: RHB Ronald Acuna Jr. 0-0: Called Strike
0-1: Foul Ball, location: 2F
0-2: Foul Ball, location: 2LF
0-2: Ball
1-2: Strikes out swinging
Batting: RHB Phil Lafnear 0-0: Foul Ball, location: 2F
0-1: Ball
1-1: Fly out, F7 (Flyball, 78S, EV 91.9 MPH)
Bottom of the 5th over - 0 runs, 1 hit, 0 errors, 1 left on base; Texas 8 - Boston 1
TOP OF THE 6TH
Texas Rangers batting - Pitching for Boston Red Sox : RHP Josh Radcliff
Batting: RHB Eric Parr 0-0: Fly out, F5 (Popup, 5SF, EV 78.1 MPH)
Batting: LHB Dan Kelley 0-0: Foul Ball, location: 25F
0-1: Ground out U3 (Groundball, 3, EV 88.8 MPH)
Batting: RHB Rodrigo Maradiaga 0-0: Ball
1-0: Ball
2-0: Fly out, F8 (Flyball, 8LXD, EV 92.5 MPH)
Top of the 6th over - 0 runs, 0 hits, 0 errors, 0 left on base; Texas 8 - Boston 1
BOTTOM OF THE 6TH
Boston Red Sox batting - Pitching for Texas Rangers : RHP Glen Myers
Pitching: RHP Dario Gutierrez
Batting: LHB Tim Long 0-0: Ball
1-0: Ground out U3 (Groundball, 3L, EV 84.4 MPH)
Batting: RHB Juan Burruel 0-0: Called Strike
0-1: Called Strike
0-2: Foul Ball, location: 9LDF
0-2: Ball
1-2: Ball
2-2: SINGLE (Line Drive, 4MD, EV 104.4 MPH)
Batting: RHB Yohann Gil 0-0: DOUBLE (Line Drive, 5D, EV 100.0 MPH)
Juan Burruel to third
Runner from 3rd tries for Home, SAFE, no throw by LF
Batting: RHB David Andino 0-0: Fly out, F8 (Line Drive, 8RM, EV 90.0 MPH)
Batting: RHB Joe Merrill 0-0: Swinging Strike
0-1: Foul Ball, location: 2F
0-2: Strikes out swinging
Bottom of the 6th over - 1 run, 2 hits, 0 errors, 1 left on base; Texas 8 - Boston 2
TOP OF THE 7TH
Texas Rangers batting - Pitching for Boston Red Sox : RHP Josh Radcliff
Batting: RHB Danny Cooper 0-0: Ball
1-0: SOLO HOME RUN (Line Drive, 8RXD, EV 111.9 MPH), Distance : 428 ft
Pinch Hitting: LHB Dave Galindo 0-0: SINGLE (Line Drive, 56D, EV 94.4 MPH)
Batting: RHB Jaylen Keal 0-0: Ball
1-0: Ball
2-0: Ball
3-0: Called Strike
3-1: Base on Balls
Dave Galindo to second
Batting: RHB Oswald Peraza 0-0: Called Strike
0-1: Fly out, F7 (Flyball, 7, EV 89.4 MPH)
Batting: RHB Quitério Marvo 0-0: Foul Ball, location: 2F
0-1: Grounds into double play, 5-4-3 (Groundball, 5, EV 103.8 MPH)
Top of the 7th over - 1 run, 2 hits, 0 errors, 1 left on base; Texas 9 - Boston 2
BOTTOM OF THE 7TH
Boston Red Sox batting - Pitching for Texas Rangers : RHP Dario Gutierrez
Now in LF: Dave Galindo
Batting: LHB Marcelo Mayer 0-0: Ball
1-0: Called Strike
1-1: Ball
2-1: SINGLE (Line Drive, 8LS, EV 87.5 MPH)
Pinch Hitting: RHB Josh Levine 0-0: Ball
1-0: Ball
2-0: SINGLE (Line Drive, 78S, EV 105.6 MPH)
Marcelo Mayer to second
Pitching: RHP Willie Cardenas
Batting: RHB Ronald Acuna Jr. 0-0: Called Strike
0-1: Foul Ball, location: 25FF
0-2: Foul Ball, location: 9LDF
0-2: Strikes out swinging
Batting: RHB Phil Lafnear 0-0: 3-RUN HOME RUN (Flyball, 78XD, EV 111.9 MPH), Distance : 464 ft
Batting: LHB Tim Long 0-0: Ball
1-0: Swinging Strike
1-1: Ball
2-1: Ball
3-1: Fly out, F8 (Flyball, 8LD, EV 103.1 MPH)
Batting: RHB Juan Burruel 0-0: Called Strike
0-1: Ball
1-1: Foul Ball, location: 7LDF
1-2: Ball
2-2: Strikes out looking
Bottom of the 7th over - 3 runs, 3 hits, 0 errors, 0 left on base; Texas 9 - Boston 5
TOP OF THE 8TH
Texas Rangers batting - Pitching for Boston Red Sox : RHP Josh Radcliff
Pitching: RHP Mike Dunk
Now at 1B: Kevin Keller
Batting: LHB Alex Batista 0-0: Called Strike
0-1: Ball
1-1: Ball
2-1: Ball
3-1: Fly out, F7 (Flyball, 78M, EV 94.4 MPH)
Batting: RHB Eric Parr 0-0: Called Strike
0-1: Ball
1-1: Ball
2-1: Ball
3-1: Base on Balls
Batting: LHB Dan Kelley 0-0: Ball
1-0: Swinging Strike
1-1: Called Strike
1-2: Ball
2-2: Ball
3-2: Strikes out looking
Batting: RHB Rodrigo Maradiaga 0-0: Called Strike
0-1: Foul Ball, location: 25FF
0-2: Ball
1-2: Foul Ball, location: 3SF
1-2: Strikes out looking
Top of the 8th over - 0 runs, 0 hits, 0 errors, 1 left on base; Texas 9 - Boston 5
BOTTOM OF THE 8TH
Boston Red Sox batting - Pitching for Texas Rangers : RHP Willie Cardenas
Batting: RHB Yohann Gil 0-0: Ball
1-0: SINGLE (Line Drive, 56D, EV 93.8 MPH)
Batting: RHB David Andino 0-0: Called Strike
0-1: SINGLE (Line Drive, 9S, EV 110.6 MPH)
Yohann Gil to second
Batting: RHB Joe Merrill 0-0: Ball
1-0: Ball
2-0: Called Strike
2-1: Fly out, F9 (Line Drive, 9S, EV 95.6 MPH)
Lined into DP, 9-6 (Line Drive, 9S, EV 95.6 MPH)
Batting: LHB Marcelo Mayer 0-0: Foul Ball, location: 23FF
0-1: Ball
1-1: Ball
2-1: Foul Ball, location: 2F
2-2: Fly out, F8 (Line Drive, 8LM, EV 99.4 MPH)
Bottom of the 8th over - 0 runs, 2 hits, 0 errors, 1 left on base; Texas 9 - Boston 5
TOP OF THE 9TH
Texas Rangers batting - Pitching for Boston Red Sox : RHP Mike Dunk
Batting: RHB Danny Cooper 0-0: Called Strike
0-1: Foul Ball, location: 3FF
0-2: Fly out, F8 (Flyball, 89M, EV 95.0 MPH)
Batting: LHB Dave Galindo 0-0: Ball
1-0: Ball
2-0: Foul Ball, location: 3FF
2-1: Ball
3-1: Base on Balls
Pitching: RHP Irving Medina
Batting: RHB Jaylen Keal 0-0: Ball
1-0: Ball
2-0: Ball
3-0: Base on Balls
Dave Galindo to second
Batting: RHB Oswald Peraza 0-0: Called Strike
0-1: Foul Ball, location: 7LMF
0-2: Foul Ball, location: 23F
0-2: Foul Ball, location: 2F
0-2: Ball
1-2: Ball
2-2: Ball
3-2: Base on Balls
Dave Galindo to third
Jaylen Keal to second
Batting: RHB Quitério Marvo 0-0: Swinging Strike
0-1: Foul Ball, location: 23F
0-2: Ball
1-2: Strikes out swinging
Batting: LHB Alex Batista 0-0: Ball
1-0: Ball
2-0: Called Strike
2-1: Swinging Strike
2-2: Ball
3-2: Strikes out swinging
Top of the 9th over - 0 runs, 0 hits, 0 errors, 3 left on base; Texas 9 - Boston 5
BOTTOM OF THE 9TH
Boston Red Sox batting - Pitching for Texas Rangers : RHP Willie Cardenas
Batting: RHB Kevin Keller 0-0: Foul Ball, location: 2F
0-1: Foul Ball, location: 2F
0-2: Ball
1-2: Ball
2-2: SOLO HOME RUN (Flyball, 78XD, EV 113.1 MPH), Distance : 454 ft
Pitching: RHP Francisco Crispin
Batting: RHB Ronald Acuna Jr. 0-0: Ball
1-0: Foul Ball, location: 2F
1-1: Swinging Strike
1-2: Ball
2-2: Ball
3-2: Ground out U3 (Groundball, 3, EV 105.0 MPH)
Batting: RHB Phil Lafnear 0-0: Called Strike
0-1: Fly out, F8 (Flyball, 89S, EV 82.5 MPH)
Batting: LHB Tim Long 0-0: Called Strike
0-1: Ball
1-1: Fly out, F8 (Flyball, 8RM, EV 91.9 MPH)
Bottom of the 9th over - 1 run, 1 hit, 0 errors, 0 left on base; Texas 9 - Boston 6
Wednesday, March 27th , 2024 - OOTP Baseball 24.10 Build 82